 Dungeon Crawl Stone Soup version 0.19-a0-1841-gf1e0166 (webtiles) character file.

1549 Psiweapon the Cruncher (level 8, -4/39 HPs)
             Began as a Gargoyle Gladiator on Oct 9, 2016.
             Was a Follower of Sif Muna.
             Killed by divine providence
             ... invoked by a meliai
              (14 damage)
             ... on level 8 of the Dungeon.
             The game lasted 00:28:50 (5838 turns).

Psiweapon the Cruncher (Gargoyle Gladiator)         Turns: 5838, Time: 00:28:51

Health: -4/39      AC: 12    Str: 20    XL:     8   Next: 87%
Magic:  0/12       EV: 12    Int: 10    God:    Sif Muna [*.....]
Gold:   397        SH:  0    Dex: 12    Spells: 1 memorised, 6 levels left

rFire  . . .     SeeInvis .     a - +0 quarterstaff
rCold  + . .     Gourm    .     S - +2 robe {rC+}
rNeg   + . .     Faith    .     (shield currently unavailable)
rPois  ∞         Spirit   .     c - +0 helmet
rElec  +         Dismiss  .     (no cloak)
rCorr  .         Reflect  .     y - +0 pair of gloves
MR     .....     Harm     .     B - +0 pair of boots
Stlth  +......... Clarity  +    (no amulet)
                                F - +2 ring of strength
                                A - ring of wizardry

@: no status effects
A: hooves 1, blurry vision 1, clarity, frail 1, high mp 1, negative energy
resistance 1, electricity resistance, unbreathing, petrification resistance, rot
immunity, AC +5
a: Divine Energy, Renounce Religion


You were on level 8 of the Dungeon.
You worshipped Sif Muna.
Sif Muna was aware of your devotion.
You were hungry.

You visited 1 branch of the dungeon, and saw 9 of its levels.

You collected 397 gold pieces.

Inventory:

Hand Weapons
 a - a +0 quarterstaff (weapon)
 h - a +0 hunting sling
 r - a +1 hand axe of electrocution
 v - a +2 dagger of speed
 z - a cursed +0 mace
 Q - a +0 spear of flaming
Missiles
 d - 4 throwing nets
 w - 19 tomahawks (quivered)
 J - 12 bolts
Armour
 c - a +0 helmet (worn)
 e - a +0 scale mail
 m - a cursed +0 chain mail
 y - a +0 pair of gloves (worn)
 B - a +0 pair of boots (worn)
 G - a +0 leather armour
 S - a +2 robe of cold resistance (worn)
Magical Staves
 b - an uncursed staff of wizardry
Jewellery
 A - a ring of wizardry (left hand)
 F - a +2 ring of strength (right hand)
 I - an uncursed ring of flight
Wands
 g - a wand of paralysis (1/24)
 k - a wand of polymorph (0/24)
 O - a wand of enslavement (15/24)
Scrolls
 l - 5 scrolls of fog
 n - 2 scrolls of blinking {unknown}
 s - 2 scrolls of teleportation
 u - 2 scrolls of enchant weapon {unknown}
 x - a scroll of noise
 L - a scroll of amnesia {unknown}
 N - 2 scrolls of identify
 P - 2 scrolls of enchant armour {unknown}
 R - a scroll of fear {unknown}
 T - a scroll of recharging {unknown}
Potions
 i - a potion of cancellation {unknown}
 o - 2 potions of ambrosia
 p - a potion of lignification {unknown}
 q - a potion of cure mutation {unknown}
 C - 2 potions of berserk rage {unknown}
 D - a potion of haste {unknown}
 E - 2 potions of beneficial mutation {unknown}
 H - a potion of curing
 K - 2 potions of degeneration {unknown}
 V - a potion of agility {unknown}
Books
 M - Sif Muna's Tome of Confrontation
   (You found it on level 4 of the Dungeon)

   Spells                             Type                      Level
   a - Shock                          Conjuration/Air              1
Comestibles
 f - 4 bread rations
 t - 3 meat rations
 U - a beef jerky


   Skills:
 - Level 2.1 Fighting
 * Level 9.5 Staves
 - Level 2.2 Throwing
 - Level 2.4 Dodging
 - Level 2.5 Conjurations
 + Level 1.4 Air Magic
 - Level 3.9 Evocations


You had 6 spell levels left.
You knew the following spells:

 Your Spells              Type           Power        Failure   Level  Hunger
a - Shock                 Conj/Air       #...         7%          1    ##.....


Dungeon Overview and Level Annotations

Branches:
Dungeon (9/15)             Temple (0/1) D:6
   Lair: D:8-11         Orc: D:9-12

Altars:
Ru
Sif Muna
Trog
Xom


Innate Abilities, Weirdness & Mutations

You are resistant to torment.
Your stone body is resilient. (AC +5)
You are immune to poison.
You resist negative energy. (rN+)
You are resistant to electric shocks. (rElec)
You can survive without breathing.
You are immune to petrification.
You are immune to rotting.
You have large cloven feet.
Scrolls take you a little longer to read.
You possess an exceptional clarity of mind.
You are frail. (-10% HP)
You have an increased reservoir of magic. (+10% MP)


Message History

The meliai closely misses you. The meliai barely misses you. x2
The meliai stings you but does no damage.
You hit the meliai.
The meliai is heavily wounded.
The meliai completely misses you. The meliai barely misses you.
The eye of draining gazes at you.
You feel your power leaking away.
You sock the meliai!
The meliai is almost dead.
The meliai barely misses you. The meliai closely misses you.
You barely miss the meliai.
The meliai is severely wounded.
The meliai hits you but does no damage. The meliai closely misses you.
The meliai hits you but does no damage.
The meliai stings you but does no damage.
You hit the meliai but do no damage.
The meliai is severely wounded.
The meliai mumbles some strange prayers to its god against you.
Something smites you!
You die...

# Z# #..#
....#
####.....# .
#...........
#÷#####...#.
#..@yG......
#####.###...
#.# 5..#
?..(# #..##
...# !.##


You could see an eye of draining and a meliai.

Vanquished Creatures
  Sigmund (D:5)
  A necrophage (D:8)
  A centaur (D:5)
  A gnoll sergeant (D:5)
  2 bullfrogs
  2 scorpions
  5 killer bees (D:6)
  3 crimson imps
  A centaur skeleton (D:5)
  2 jellies
  An orc priest (D:3)
  2 hounds
  2 bullfrog skeletons
  3 orc wizards
  3 worker ants
  2 hound skeletons
  3 gnolls (D:5)
  8 adders
  A river rat (D:3)
  A shadow imp (D:5)
  An ooze (D:1)
  An adder skeleton (D:5)
  3 dart slugs
  2 leopard geckos
  14 orcs
  A giant cockroach (D:5)
  6 goblins
  4 hobgoblins
  4 jackals
  6 kobolds
  3 quokkas
  5 bats
  10 frilled lizards
  A leopard gecko zombie (D:5)
  11 rats
117 creatures vanquished.

Notes
Turn   | Place    | Note
-------+----------+-------------------------------------------
     0 | D:1      | Psiweapon the Gargoyle Gladiator began the quest for the Orb.
     0 | D:1      | Reached XP level 1. HP: 12/12 MP: 1/1
    76 | D:1      | Reached XP level 2. HP: 14/17 MP: 2/2
   497 | D:2      | Reached skill level 4 in Staves
   529 | D:2      | Reached XP level 3. HP: 10/21 MP: 3/3
  1474 | D:1      | Reached XP level 4. HP: 23/26 MP: 4/4
  1498 | D:1      | Reached skill level 1 in Evocations
  2082 | D:3      | Reached skill level 5 in Staves
  2148 | D:3      | Reached XP level 5. HP: 30/30 MP: 6/6
  2365 | D:3      | Gained mutation: Scrolls take you a little longer to read. [potion of mutation]
  2365 | D:3      | Gained mutation: You have an increased reservoir of magic. (+10% MP) [potion of mutation]
  2365 | D:3      | Gained mutation: You have large cloven feet. [potion of mutation]
  2366 | D:3      | Gained mutation: You are frail. (-10% HP) [potion of mutation]
  2366 | D:3      | Gained mutation: You possess an exceptional clarity of mind. [potion of mutation]
  2434 | D:5      | Entered Level 5 of the Dungeon
  2598 | D:5      | Noticed a centaur
  3125 | D:3      | Reached XP level 6. HP: 31/31 MP: 8/8
  3452 | D:4      | Reached skill level 6 in Staves
  3564 | D:4      | Found a deep blue altar of Sif Muna.
  3612 | D:4      | Identified Sif Muna's Tome of Confrontation
  3623 | D:4      | Learned a level 1 spell: Shock
  3761 | D:4      | Became a worshipper of Sif Muna the Loreminder
  4029 | D:5      | Reached skill level 1 in Conjurations
  4029 | D:5      | Reached XP level 7. HP: 34/36 MP: 5/9
  4204 | D:5      | Reached skill level 7 in Staves
  4667 | D:5      | Found a shimmering altar of Xom.
  4671 | D:5      | Found a bloodstained altar of Trog.
  4784 | D:5      | Reached XP level 8. HP: 33/39 MP: 11/11
  4925 | D:5      | Noticed Sigmund
  4937 | D:5      | Killed Sigmund
  4937 | D:5      | Reached skill level 8 in Staves
  5040 | D:6      | Found a sacrificial altar of Ru.
  5045 | D:6      | Found a staircase to the Ecumenical Temple.
  5372 | D:5      | Reached skill level 9 in Staves
  5577 | D:6      | You fall through a shaft for 3 floors!
  5629 | D:8      | Reached * piety under Sif Muna
  5629 | D:8      | Reached skill level 1 in Air Magic
  5816 | D:8      | Noticed a meliai
  5838 | D:8      | Killed from afar by a meliai

Vault maps used:
D:1:      scummos_arrival_hexagon, serial_forest, infiniplex_forest_lined_3,
          infiniplex_forest_clump_long, infiniplex_forest_clump_medium,
          infiniplex_forest_lined_room_, infiniplex_forest_straight_3,
          infiniplex_forest_clump_small, infiniplex_forest_clump_C,
          infiniplex_forest_split
D:3:      first_bread, serial_glass, glass_columns_c, glass_columns_b,
          glass_columns_a, glass_columns_b
D:4:      led_sif_book
D:5:      grunt_temple_overflow_open, mrwooster_statue_mirror,
          grunt_ministairs_11, uniq_sigmund
D:6:      kennysheep_mini_moat
D:7:      slow_altar_2
D:8:      minmay_bloctagon_deflated, ashenzari_conservatory_becter,
          serial_shops, shop, minmay_misc_feat_room, hangedman_decor_push
D:9:      kennysheep_mini, hangedman_fish_farm,
          nemelex_xobeh_ov_fountains_minmay, uniq_erica

Skill      XL: |  1  2  3  4  5  6  7  8 |
---------------+-------------------------+-----
Staves         | 4 5 6 7 9 |  9.5
Evocations     | 1 2 3 |  3.9
Throwing       | 2 |  2.2
Conjurations   | 1 2 |  2.5
Air Magic      | 1 |  1.4
Fighting       | |  2.1
Dodging        | |  2.4

Action                   |  1- 3 |  4- 6 |  7- 9 || total
-------------------------+-------+-------+-------++-------
Melee: Quarterstaff      |    63 |   132 |   143 ||   338
       Hand axe          |    41 |    83 |     5 ||   129
       Staff             |       |       |     2 ||     2
Throw: Throwing net      |       |     2 |       ||     2
       Tomahawk          |       |    23 |    29 ||    52
 Cast: Shock             |       |     6 |    23 ||    29
 Abil: Evoke Flight      |       |     2 |       ||     2
Evoke: Wand              |     1 |     2 |     9 ||    12
  Use: Scroll            |       |     5 |     2 ||     7
       Potion            |       |     3 |     2 ||     5
 Stab: Sleeping          |     1 |       |       ||     1
       Paralysed         |       |       |    10 ||    10
  Eat: Chunk             |     2 |     9 |     3 ||    14
       Pizza             |       |       |     1 ||     1
       Fruit             |       |       |     2 ||     2
Armor: Leather armour    |    34 |    94 |    22 ||   150
       Robe              |       |       |    51 ||    51
Dodge: Dodged            |    67 |   128 |   113 ||   308
